| TOP OF THE 1ST |
|
El Paso Sun Kings batting - Pitching for Albuquerque Dukes : RHP Rafaele Cerretti
|
|
Pitching: RHP Rafaele Cerretti
|
|
|
Batting: LHB Stanley Hendrickson
|
0-0: Ball 1-0: Ball 2-0: SINGLE (Flyball, 3D, EV 93.8 MPH)
|
|
Batting: RHB Dionisio DeJesus
|
0-0: SINGLE (Groundball, 56D, EV 105.0 MPH) Stanley Hendrickson to second
|
|
Batting: LHB Scott Bradley
|
0-0: Called Strike 0-1: Ball 1-1: Ball 2-1: Called Strike 2-2: Fly out, F6 (Popup, 6M, EV 51.3 MPH)
|
|
Batting: RHB Chuckie Canady
|
0-0: Foul Ball, location: 2F 0-1: Ball 1-1: Hit by Pitch Stanley Hendrickson to third Dionisio DeJesus to second
|
|
Batting: LHB Franklin Lopez
|
0-0: Ball 1-0: Ball 2-0: Foul Ball, location: 2F 2-1: Foul Ball, location: 2F 2-2: Ball 3-2: Base on Balls Stanley Hendrickson scores Dionisio DeJesus to third Chuckie Canady to second
|
|
Batting: SHB Danny Torres
|
0-0: Ball 1-0: Called Strike 1-1: Ball 2-1: Ball 3-1: Foul Ball, location: 2F 3-2: Base on Balls Dionisio DeJesus scores Chuckie Canady to third Franklin Lopez to second
|
|
Batting: RHB Mike Anicich
|
0-0: Swinging Strike 0-1: Ball 1-1: Ball 2-1: Ball 3-1: Grounds into double play, 4-6-3 (Groundball, 4M, EV 103.8 MPH)
|
| Top of the 1st over - 2 runs, 2 hits, 0 errors, 2 left on base; El Paso 2 - Albuquerque 0 |
| BOTTOM OF THE 1ST |
|
Albuquerque Dukes batting - Pitching for El Paso Sun Kings : LHP Michael Tulacz
|
|
Pitching: LHP Michael Tulacz
|
|
|
Batting: RHB Kevin Harvey
|
0-0: Foul Ball, location: 2F 0-1: Ball 1-1: Ball 2-1: Fly out, F4 (Popup, 3DF, EV 63.8 MPH)
|
|
Batting: RHB George Foussianes
|
0-0: Ball 1-0: Called Strike 1-1: Foul Ball, location: 2F 1-2: Foul Ball, location: 2F 1-2: Ball 2-2: Ball 3-2: Base on Balls
|
|
Batting: RHB Jeffrey Ronk
|
0-0: Called Strike 0-1: DOUBLE (Flyball, 78D, EV 98.1 MPH) George Foussianes to third
|
|
Batting: LHB Dave Yobs
|
0-0: Swinging Strike 0-1: 3-RUN HOME RUN (Flyball, 7LD, EV 97.5 MPH), Distance : 341 ft
|
|
Batting: RHB John Hanley
|
0-0: Swinging Strike 0-1: Called Strike 0-2: Foul Ball, location: 2F 0-2: Ball 1-2: Strikes out looking
|
|
Batting: LHB Andres Romero
|
0-0: Foul Ball, location: 2F 0-1: Called Strike 0-2: Foul Ball, location: 2F 0-2: Ball 1-2: Fly out, F5 (Popup, 56S, EV 85.0 MPH)
|
| Bottom of the 1st over - 3 runs, 2 hits, 0 errors, 0 left on base; El Paso 2 - Albuquerque 3 |
| TOP OF THE 2ND |
|
El Paso Sun Kings batting - Pitching for Albuquerque Dukes : RHP Rafaele Cerretti
|
|
Batting: SHB Keith Thrower
|
0-0: Foul Ball, location: 2F 0-1: SINGLE (Groundball, 34S, EV 71.3 MPH) (infield hit)
|
|
Batting: RHB Lance Ediger
|
0-0: Called Strike 0-1: Foul Ball, location: 2F 0-2: Strikes out swinging
|
|
Batting: LHB Stanley Hendrickson
|
0-0: Ball 1-0: Fly out, F8 (Flyball, 78D, EV 100.6 MPH)
|
|
Batting: RHB Dionisio DeJesus
|
0-0: Ball Keith Thrower steals 2nd base (no throw) 1-0: Foul Ball, location: 2F 1-1: Ball 2-1: Fly out, F9 (Flyball, 89M, EV 92.5 MPH)
|
| Top of the 2nd over - 0 runs, 1 hit, 0 errors, 1 left on base; El Paso 2 - Albuquerque 3 |
| BOTTOM OF THE 2ND |
|
Albuquerque Dukes batting - Pitching for El Paso Sun Kings : LHP Michael Tulacz
|
|
Batting: RHB Steven Patterson
|
0-0: Ball 1-0: Ground out 1-3 (Groundball, 13S, EV 63.8 MPH)
|
|
Batting: LHB John Elder
|
0-0: Called Strike 0-1: Foul Ball, location: 2F 0-2: Foul Ball, location: 2F 0-2: Ball 1-2: Foul Ball, location: 2F 1-2: Ball 2-2: Ball 3-2: Base on Balls
|
|
Batting: LHB Matthew Henderson
|
0-0: Called Strike 0-1: Ball 1-1: Called Strike 1-2: Foul Ball, location: 2F 1-2: Foul Ball, location: 2F 1-2: Fly out, F7 (Flyball, 7LD, EV 78.1 MPH)
|
|
Batting: RHB Kevin Harvey
|
0-0: Swinging Strike 0-1: Swinging Strike 0-2: Ball 1-2: Ground out 5-3 (Groundball, 56S, EV 63.1 MPH)
|
| Bottom of the 2nd over - 0 runs, 0 hits, 0 errors, 1 left on base; El Paso 2 - Albuquerque 3 |
| TOP OF THE 3RD |
|
El Paso Sun Kings batting - Pitching for Albuquerque Dukes : RHP Rafaele Cerretti
|
|
Batting: LHB Scott Bradley
|
0-0: Foul Ball, location: 2F 0-1: Fly out, F5 (Line Drive, 5, EV 61.9 MPH)
|
|
Batting: RHB Chuckie Canady
|
0-0: Foul Ball, location: 2F 0-1: Called Strike 0-2: Ball 1-2: Strikes out swinging
|
|
Batting: LHB Franklin Lopez
|
0-0: Foul Ball, location: 2F 0-1: SINGLE (Groundball, 34D, EV 85.0 MPH) (infield hit)
|
|
Batting: SHB Danny Torres
|
0-0: Called Strike 0-1: Foul Ball, location: 2F 0-2: DOUBLE (Flyball, 78D, EV 100.0 MPH) Franklin Lopez to third Runner from 3rd tries for Home, throw by LF and OUT! 7-6-2
|
| Top of the 3rd over - 0 runs, 2 hits, 0 errors, 1 left on base; El Paso 2 - Albuquerque 3 |
| BOTTOM OF THE 3RD |
|
Albuquerque Dukes batting - Pitching for El Paso Sun Kings : LHP Michael Tulacz
|
|
Batting: RHB George Foussianes
|
0-0: Ball 1-0: Foul Ball, location: 2F 1-1: Foul Ball, location: 2F 1-2: Fly out, F7 (Flyball, 7S, EV 81.9 MPH)
|
|
Batting: RHB Jeffrey Ronk
|
0-0: Ball 1-0: Foul Ball, location: 2F 1-1: Ball 2-1: Ball 3-1: Base on Balls
|
|
Batting: LHB Dave Yobs
|
0-0: Ball 1-0: Ball 2-0: Foul Ball, location: 2F 2-1: Fly out, F3 (Popup, 23, EV 80.6 MPH)
|
|
Batting: RHB John Hanley
|
0-0: Ball 1-0: Ball 2-0: Fly out, F4 (Flyball, 4MD, EV 88.1 MPH)
|
| Bottom of the 3rd over - 0 runs, 0 hits, 0 errors, 1 left on base; El Paso 2 - Albuquerque 3 |
| TOP OF THE 4TH |
|
El Paso Sun Kings batting - Pitching for Albuquerque Dukes : RHP Rafaele Cerretti
|
|
Batting: RHB Mike Anicich
|
0-0: Foul Ball, location: 2F 0-1: Ball 1-1: Called Strike 1-2: Foul Ball, location: 2F 1-2: Strikes out swinging
|
|
Batting: SHB Keith Thrower
|
0-0: Ball 1-0: Ball 2-0: Ball 3-0: Base on Balls
|
|
Batting: RHB Lance Ediger
|
0-0: Called Strike 0-1: Called Strike 0-2: Ball 1-2: Ball 2-2: Strikes out looking
|
|
Batting: LHB Stanley Hendrickson
|
0-0: Ball 1-0: Ball 2-0: Ball 3-0: Base on Balls Keith Thrower to second
|
|
Batting: RHB Dionisio DeJesus
|
0-0: Called Strike 0-1: Foul Ball, location: 2F 0-2: Foul Ball, location: 2F 0-2: Ball 1-2: Fly out, F9 (Line Drive, 89M, EV 93.1 MPH)
|
| Top of the 4th over - 0 runs, 0 hits, 0 errors, 2 left on base; El Paso 2 - Albuquerque 3 |
| BOTTOM OF THE 4TH |
|
Albuquerque Dukes batting - Pitching for El Paso Sun Kings : LHP Michael Tulacz
|
|
Batting: LHB Andres Romero
|
0-0: SINGLE (Line Drive, 4MD, EV 97.5 MPH)
|
|
Batting: RHB Steven Patterson
|
0-0: Called Strike 0-1: Fielders Choice at 2nd, 5-4 (Groundball, 56, EV 83.1 MPH)
|
|
Batting: LHB John Elder
|
0-0: Ball 1-0: Foul Ball, location: 2F 1-1: DOUBLE (Line Drive, 78D, EV 105.6 MPH) Steven Patterson to third Runner from 3rd tries for Home, SAFE, throw by CF to trailing runner, SAFE at third!
|
|
Batting: LHB Matthew Henderson
|
0-0: Swinging Strike 0-1: Foul Ball, location: 2F 0-2: Foul Ball, location: 2F 0-2: Strikes out swinging
|
|
Batting: RHB Kevin Harvey
|
0-0: Ball 1-0: Foul Ball, location: 2F 1-1: Ball 2-1: Ground out 6-3 (Groundball, 6, EV 85.6 MPH)
|
| Bottom of the 4th over - 1 run, 2 hits, 0 errors, 1 left on base; El Paso 2 - Albuquerque 4 |
| TOP OF THE 5TH |
|
El Paso Sun Kings batting - Pitching for Albuquerque Dukes : RHP Rafaele Cerretti
|
|
Batting: LHB Scott Bradley
|
0-0: SINGLE (Groundball, 6MD, EV 98.1 MPH)
|
|
Batting: RHB Chuckie Canady
|
0-0: Ball 1-0: Ball 2-0: Swinging Strike 2-1: Called Strike 2-2: Foul Ball, location: 2F 2-2: Ball 3-2: Base on Balls Scott Bradley to second
|
|
Batting: LHB Franklin Lopez
|
0-0: Ball 1-0: Swinging Strike 1-1: Swinging Strike 1-2: SINGLE (Groundball, 34D, EV 100.0 MPH) Scott Bradley to third Chuckie Canady to second Runner from 3rd tries for Home, throw by RF and OUT! 9-2
|
|
Batting: SHB Danny Torres
|
0-0: Swinging Strike 0-1: Ball 1-1: Foul Ball, location: 2F 1-2: Ball 2-2: Grounds into double play, 6-4-3 (Groundball, 56, EV 91.9 MPH)
|
| Top of the 5th over - 0 runs, 2 hits, 0 errors, 1 left on base; El Paso 2 - Albuquerque 4 |
| BOTTOM OF THE 5TH |
|
Albuquerque Dukes batting - Pitching for El Paso Sun Kings : LHP Michael Tulacz
|
|
Batting: RHB George Foussianes
|
0-0: Ball 1-0: Ball 2-0: Swinging Strike 2-1: Ball 3-1: Swinging Strike 3-2: Base on Balls
|
|
Batting: RHB Jeffrey Ronk
|
0-0: Called Strike 0-1: Swinging Strike 0-2: Ball 1-2: Strikes out swinging
|
|
Batting: LHB Dave Yobs
|
0-0: Ball 1-0: DOUBLE (Groundball, 3L, EV 104.4 MPH) George Foussianes to third
|
|
Batting: RHB John Hanley
|
0-0: Called Strike 0-1: Ball 1-1: Ball 2-1: Swinging Strike 2-2: Foul Ball, location: 2F 2-2: Ball 3-2: Base on Balls
|
|
Batting: LHB Andres Romero
|
0-0: Ball 1-0: Foul Ball, location: 2F 1-1: Ball 2-1: Swinging Strike 2-2: Ball 3-2: Base on Balls George Foussianes scores Dave Yobs to third John Hanley to second
|
|
Batting: RHB Steven Patterson
|
0-0: Called Strike 0-1: Fielders Choice at 2nd, 3-6 (Groundball, 34S, EV 82.5 MPH) Dave Yobs scores John Hanley to third
|
|
Pitching: RHP James Rogers
|
|
|
Batting: LHB John Elder
|
0-0: Foul Ball, location: 2F 0-1: Ball 1-1: Fielders Choice at 2nd, 6-4 (Groundball, 6, EV 81.9 MPH)
|
| Bottom of the 5th over - 2 runs, 1 hit, 0 errors, 2 left on base; El Paso 2 - Albuquerque 6 |
| TOP OF THE 6TH |
|
El Paso Sun Kings batting - Pitching for Albuquerque Dukes : RHP Rafaele Cerretti
|
|
Batting: RHB Mike Anicich
|
0-0: Ground out 6-3 (Groundball, 6, EV 85.6 MPH)
|
|
Batting: SHB Keith Thrower
|
0-0: SINGLE (Groundball, P, EV 86.3 MPH) (infield hit)
|
|
Batting: RHB Lance Ediger
|
0-0: Ball Keith Thrower steals 2nd base 1-0: Foul Ball, location: 2F 1-1: Swinging Strike 1-2: Strikes out swinging
|
|
Batting: LHB Stanley Hendrickson
|
0-0: Ball 1-0: Ground out 5-3 (Groundball, 5, EV 81.3 MPH)
|
| Top of the 6th over - 0 runs, 1 hit, 0 errors, 1 left on base; El Paso 2 - Albuquerque 6 |
| BOTTOM OF THE 6TH |
|
Albuquerque Dukes batting - Pitching for El Paso Sun Kings : RHP James Rogers
|
|
Batting: LHB Matthew Henderson
|
0-0: Foul Ball, location: 2F 0-1: Ball 1-1: Ball 2-1: Foul Ball, location: 2F 2-2: Ball 3-2: Fly out, F8 (Flyball, 8RM, EV 86.9 MPH)
|
|
Batting: RHB Kevin Harvey
|
0-0: Ball 1-0: Ball 2-0: Ball 3-0: Called Strike 3-1: Foul Ball, location: 2F 3-2: Ground out 6-3 (Groundball, 6MS, EV 85.0 MPH)
|
|
Batting: RHB George Foussianes
|
0-0: Ball 1-0: Reached on error, E6 (Groundball, 56, EV 94.4 MPH)
|
|
Batting: RHB Jeffrey Ronk
|
0-0: Ball 1-0: Foul Ball, location: 2F 1-1: Foul Ball, location: 2F 1-2: Foul Ball, location: 2F 1-2: Fly out, F5 (Popup, 5F, EV 81.3 MPH)
|
| Bottom of the 6th over - 0 runs, 0 hits, 1 error, 1 left on base; El Paso 2 - Albuquerque 6 |
| TOP OF THE 7TH |
|
El Paso Sun Kings batting - Pitching for Albuquerque Dukes : RHP Rafaele Cerretti
|
|
Batting: RHB Dionisio DeJesus
|
0-0: Ball 1-0: Called Strike 1-1: Called Strike 1-2: Fly out, F8 (Flyball, 89D, EV 94.4 MPH)
|
|
Batting: LHB Scott Bradley
|
0-0: Fly out, F7 (Flyball, 7S, EV 86.9 MPH)
|
|
Batting: RHB Chuckie Canady
|
0-0: Foul Ball, location: 2F 0-1: Ball 1-1: Foul Ball, location: 2F 1-2: Strikes out looking
|
| Top of the 7th over - 0 runs, 0 hits, 0 errors, 0 left on base; El Paso 2 - Albuquerque 6 |
| BOTTOM OF THE 7TH |
|
Albuquerque Dukes batting - Pitching for El Paso Sun Kings : RHP James Rogers
|
|
Batting: LHB Dave Yobs
|
0-0: DOUBLE (Line Drive, 89XD, EV 102.5 MPH)
|
|
Batting: RHB John Hanley
|
0-0: Ball 1-0: Ball 2-0: Called Strike 2-1: Ball 3-1: Fly out, F3 (Popup, 34, EV 61.9 MPH)
|
|
Batting: LHB Andres Romero
|
0-0: Intentional Walk
|
|
Batting: RHB Steven Patterson
|
0-0: Ball 1-0: Called Strike 1-1: Foul Ball, location: 2F 1-2: Ball 2-2: Ball 3-2: Base on Balls Dave Yobs to third Andres Romero to second
|
|
Batting: LHB John Elder
|
0-0: Called Strike 0-1: Ball 1-1: Ball 2-1: Ball 3-1: Called Strike 3-2: Strikes out looking
|
|
Batting: LHB Matthew Henderson
|
0-0: Ball 1-0: Ball 2-0: Ball 3-0: Called Strike 3-1: Base on Balls Dave Yobs scores Andres Romero to third Steven Patterson to second
|
|
Pitching: RHP John Harness
|
|
|
Batting: RHB Kevin Harvey
|
0-0: Ball 1-0: Ball 2-0: Ball Wild Pitch! Andres Romero scores Steven Patterson to third Matthew Henderson to second 3-0: Base on Balls
|
|
Batting: RHB George Foussianes
|
0-0: Foul Ball, location: 2F 0-1: SINGLE (Groundball, 56D, EV 101.3 MPH) Steven Patterson scores Matthew Henderson to third Kevin Harvey to second Runner from 3rd tries for Home, SAFE, throw by LF to home
|
|
Batting: RHB Jeffrey Ronk
|
0-0: Ground out 4-3 (Groundball, 4, EV 90.0 MPH)
|
| Bottom of the 7th over - 4 runs, 2 hits, 0 errors, 2 left on base; El Paso 2 - Albuquerque 10 |
| TOP OF THE 8TH |
|
El Paso Sun Kings batting - Pitching for Albuquerque Dukes : RHP Rafaele Cerretti
|
|
Pinch Hitting: RHB William Cline
|
0-0: Swinging Strike 0-1: Swinging Strike 0-2: Ball 1-2: Foul Ball, location: 2F 1-2: Ball 2-2: Ball 3-2: Strikes out looking
|
|
Pinch Hitting: SHB Wayne Stone
|
0-0: Ball 1-0: Ball 2-0: Ball 3-0: Foul Ball, location: 2F 3-1: Foul Ball, location: 2F 3-2: Foul Ball, location: 2F 3-2: SINGLE (Line Drive, 34, EV 108.1 MPH)
|
|
Pitching: RHP Kevin Carcella
|
|
|
Pinch Hitting: LHB Gary Bishop
|
0-0: Ball 1-0: Swinging Strike 1-1: Foul Ball, location: 2F 1-2: Ball 2-2: SINGLE (Groundball, 6D, EV 110.0 MPH) Wayne Stone to second
|
|
Batting: SHB Keith Thrower
|
0-0: Called Strike 0-1: Called Strike 0-2: Ball Wild Pitch! Wayne Stone to third Gary Bishop to second 1-2: Ground out 4-3 (Groundball, 34, EV 105.0 MPH) Wayne Stone scores Gary Bishop to third
|
|
Batting: RHB Lance Ediger
|
0-0: Foul Ball, location: 2F 0-1: Called Strike 0-2: Foul Ball, location: 2F 0-2: Ball 1-2: Fly out, F3 (Popup, 3SF, EV 84.4 MPH)
|
| Top of the 8th over - 1 run, 2 hits, 0 errors, 1 left on base; El Paso 3 - Albuquerque 10 |
| BOTTOM OF THE 8TH |
|
Albuquerque Dukes batting - Pitching for El Paso Sun Kings : RHP John Harness
|
|
Now at 1B: Gary Bishop
|
|
|
Now at 3B: Wayne Stone
|
|
|
Now in RF: William Cline
|
|
|
Batting: LHB Dave Yobs
|
0-0: Called Strike 0-1: Foul Ball, location: 2F 0-2: Ball 1-2: Ball 2-2: SINGLE (Line Drive, 4D, EV 95.0 MPH)
|
|
Batting: RHB John Hanley
|
0-0: Called Strike 0-1: Called Strike 0-2: Ball 1-2: Fly out, F7 (Flyball, 7LS, EV 88.8 MPH)
|
|
Pinch Hitting: RHB Edward Gates
|
0-0: Called Strike 0-1: Fly out, F6 (Popup, 6M, EV 75.6 MPH)
|
|
Pinch Hitting: RHB Thomas Steinmetz
|
0-0: Ball Pickoff Throw to First - Out! 1-3
|
| Bottom of the 8th over - 0 runs, 1 hit, 0 errors, 0 left on base; El Paso 3 - Albuquerque 10 |
| TOP OF THE 9TH |
|
El Paso Sun Kings batting - Pitching for Albuquerque Dukes : RHP Kevin Carcella
|
|
Now at 2B: Edward Gates
|
|
|
Now in LF: Elwood Holland
|
|
|
Batting: LHB Stanley Hendrickson
|
0-0: Ball 1-0: Ball 2-0: Called Strike 2-1: Foul Ball, location: 2F 2-2: Reached on error, E3 (Groundball, 34, EV 89.4 MPH)
|
|
Batting: RHB Dionisio DeJesus
|
0-0: Called Strike 0-1: Ball 1-1: Foul Ball, location: 2F 1-2: Strikes out swinging
|
|
Batting: LHB Scott Bradley
|
0-0: Fly out, F6 (Popup, 15, EV 71.3 MPH)
|
|
Batting: RHB Chuckie Canady
|
0-0: Foul Ball, location: 2F 0-1: Ball 1-1: Swinging Strike 1-2: Ball 2-2: Foul Ball, location: 2F 2-2: Foul Ball, location: 2F 2-2: Ball 3-2: Foul Ball, location: 2F 3-2: Base on Balls Stanley Hendrickson to second
|
|
Batting: RHB William Cline
|
0-0: Called Strike 0-1: Ball 1-1: Swinging Strike 1-2: Foul Ball, location: 2F 1-2: Ball 2-2: Strikes out swinging
|
| Top of the 9th over - 0 runs, 0 hits, 1 error, 2 left on base; El Paso 3 - Albuquerque 10 |
|